 Dungeon Crawl Stone Soup version 0.29-a0-330-g52719c12eb (webtiles) character file.

Game seed: 14239413687716374852

1752 Ajdolov the Cruncher (level 9, -7/63 HPs)
             Began as a Barachi Ice Elementalist on Apr 23, 2022.
             Was a Believer of Cheibriados.
             Killed from afar by Maggie (26 damage)
             ... with a bolt of fire
             ... on level 6 of the Dungeon.
             The game lasted 00:08:34 (6267 turns).

Ajdolov the Cruncher (Barachi Ice Elementalist)     Turns: 6267, Time: 00:08:35

Health: -7/63      AC:  2    Str: 13    XL:     9   Next: 6%
Magic:  6/12       EV: 12    Int: 31    God:    Cheibriados [**....]
Gold:   234        SH:  0    Dex: 16    Spells: 5/12 levels left

rFire   . . .      SeeInvis .   u - +9 lajatang of the Silent Majority {vamp, rN++ Will+ Stlth-}
rCold   . . .      Faith    .   (shield currently unavailable)
rNeg    + + .      Spirit   .   a - +0 robe
rPois   .          Reflect  .   (no helmet)
rElec   .          Harm     .   (no cloak)
rCorr   .          Rampage  .   (no gloves)
Will    +....                   (no boots)
Stlth   +.........              (no amulet)
HPRegen 0.20/turn               d - +6 ring of intelligence
MPRegen 0.13/turn               (no ring)

@: freezing walls, mesmerised, hasted, slow
A: amphibious, slowness 1, strong legs 1, +LOS
a: Hop, Renounce Religion, Bend Time


You were on level 6 of the Dungeon.
You worshipped Cheibriados.
Cheibriados was pleased with you.
You visited 2 branches of the dungeon, and saw 7 of its levels.

You collected 264 gold pieces.
You spent 30 gold pieces at shops.

Inventory:

Hand Weapons
 t - a +0 trident
 u - the +9 lajatang of the Silent Majority (weapon) {vamp, rN++ Will+ Stlth-}
   (You found it on level 4 of the Dungeon)

   It occasionally heals its wielder for a portion of the damage dealt when it
   wounds a living foe.
   rN:        It greatly protects you from negative energy.
   Will:      It increases your willpower.
   Stlth:     It makes you less stealthy.
Missiles
 j - 5 boomerangs of dispersal
 x - 3 throwing nets
Armour
 a - a +0 robe (worn)
 c - a +3 ring mail
 m - a +0 kite shield
Jewellery
 d - a +6 ring of intelligence (left hand)
 z - a ring of fire
 C - a +4 ring of slaying
Wands
 y - a wand of acid (10)
 A - a wand of polymorph (10)
Scrolls
 e - 2 scrolls of vulnerability {unknown}
 h - 2 scrolls of blinking {unknown}
 i - 2 scrolls of teleportation
 k - a scroll of brand weapon {unknown}
 l - 2 scrolls of amnesia {unknown}
 n - 3 scrolls of identify {unknown}
 q - a scroll of fog {unknown}
 w - a scroll of summoning {unknown}
Potions
 b - a potion of magic
 f - 2 potions of haste
 g - 2 potions of berserk rage {unknown}
 o - a potion of degeneration {unknown}
 p - 2 potions of curing {unknown}
 r - a potion of mutation {unknown}
 s - a potion of attraction {unknown}
 v - 2 potions of flight {unknown}
 B - a potion of lignification {unknown}


   Skills:
 - Level 3.0 Fighting
 - Level 2.7(6.7) Polearms
 * Level 10.5(10.7) Staves
 - Level 2.1 Dodging
 - Level 1.7 Stealth
 - Level 2.1 Spellcasting
 - Level 7.0 Ice Magic


You had 5 spell levels left.
You knew the following spells:

 Your Spells              Type           Power      Damage    Failure   Level
a - Freeze                Ice            100%       1d11      1%          1
b - Frozen Ramparts       Ice            92%        1d11      1%          3
c - Ozocubu's Armour      Ice            46%        N/A       1%          3

Your spell library contained the following spells:

 Spells                   Type           Power      Damage    Failure   Level
 Animate Skeleton         Necr           6%         N/A       8%          1
 Magic Dart               Conj           12%        1d3       8%          1
 Pain                     Necr           12%        1d4       8%          1
 Sting                    Tmut/Pois      12%        1d3       8%          1
 Poisonous Vapours        Pois/Air       6%         N/A       11%         2
 Searing Ray              Conj           6%         2d4       11%         2
 Hailstorm                Conj/Ice       25%        3d7       17%         4
 Vampiric Draining        Necr           3%         2d6       22%         3
 Fulminant Prism          Conj/Hex       1%         3d6       58%         4
 Olgreb's Toxic Radiance  Pois           3%         N/A       58%         4


Dungeon Overview and Level Annotations

Branches:
Dungeon (6/15)             Temple (1/1) D:4

Altars:
Cheibriados
Gozag
Nemelex Xobeh
Okawaru
Qazlal
Ru
Sif Muna
Uskayaw
Wu Jian
Xom
Yredelemnul
Zin
The Shining One

Shops:
D:2 ?

Annotations:
D:4 exclusion: phantom
D:6 Maggie


Innate Abilities, Weirdness & Mutations

You are amphibious.
You cover ground slowly.
You can hop short distances.
You have an extended range of vision and can be seen from far away.


Message History

Things that are here:
a +0 dagger; a +0 robe; a +0 whip You see here a +0 flail.
You see here a +0 flail.
Things that are here:
a +0 dagger; a +0 robe; a +0 whip Maggie the Vainglorious comes into view.
She is wielding a +0 vorpal morningstar.
Maggie mumbles some strange words.
Maggie attempts to bespell you!
You are mesmerised by Maggie!
The walls around you are covered in ice.
Casting: Frozen Ramparts (safe; 1% risk of failure)
Confirm with . or Enter, or press ? or * to list all spells.
A film of ice covers your body!
Maggie points at you and mumbles some strange words.
The bolt of fire hits you! The heat melts your icy armour.
Maggie gestures at you while chanting. The bolt of fire hits you!!
Your icy armour melts away.
Ouch! That really hurt!
* * * LOW HITPOINT WARNING * * *
Aiming: Corrosive Bolt
Press: ? - help, Shift-Dir - straight line, f - Maggie
Aim: Maggie, wielding a +0 vorpal morningstar and wearing +1 steam dragon scales (mesmerising, 71% to hit)
The bolt of acid hits Maggie!
The acid corrodes Maggie!
Maggie is lightly wounded.
Unknown command.
It was a potion of haste.
You feel yourself speed up.
Cheibriados forgives your accidental hurry, just this once.
The wall freezes Maggie.
Aiming: Corrosive Bolt
Press: ? - help, Shift-Dir - straight line, f/p - Maggie
Aim: Maggie, wielding a +0 vorpal morningstar and wearing +1 steam dragon scales (moderately wounded, mesmerising, covered in acid, 71% to hit)
The bolt of acid hits Maggie!
Maggie is heavily wounded.
The wall freezes Maggie!
Maggie casts a spell at you. The bolt of fire hits you!!
You die...

#..[..>..#....+..#.#
#........#....#....#
#......[##...#....#
#.......'.)..#....#
#......)##...#....#
#.......####.##...#
..............(....#
#############.###..#
......@.@.....#.>#
###########.#.##.#
#....#.##.#
#)##.#.##.#
#)##.#.##.#
#.##.#.##.#
#.####.##.#
#......##.#
#########.#


You could see Maggie (mesmerising, corroded).

Vanquished Creatures
  Menkaure (D:4)
  A water moccasin (D:5)
  A sky beast (D:5)
  2 black bears
  4 ogres
  A phantom (D:5)
  Blork the orc (D:4)
  2 scorpions (D:5)
  A necrophage (D:4)
  3 wights (D:6)
  A jelly (D:4)
  3 hounds
  A gnoll shaman (D:5)
  2 orc priests
  3 orc wizards
  5 gnolls (D:5)
  4 adders
  A worm (D:2)
  2 dart slugs
  9 orcs
  7 ball pythons
  7 bats
  3 endoplasms
  A giant cockroach (D:1)
  9 goblins
  5 hobgoblins (D:1)
  8 jackals (D:1)
  3 kobolds
  6 quokkas
  2 frilled lizards
  4 rats
103 creatures vanquished.

Vanquished Creatures (others)
  A plant (D:3)
1 creature vanquished.

Grand Total: 104 creatures vanquished

Notes
Turn   | Place    | Note
-------+----------+-------------------------------------------
     0 | D:1      | Ajdolov the Barachi Ice Elementalist began the quest for
                  | the Orb.
     0 | D:1      | Reached XP level 1. HP: 13/13 MP: 3/3
    44 | D:1      | Reached skill level 5 in Ice Magic
    53 | D:1      | Reached XP level 2. HP: 10/19 MP: 0/5
   500 | D:1      | Reached XP level 3. HP: 24/24 MP: 3/6
  1131 | D:2      | Found Ysipsi's Magic Scroll Boutique.
  1137 | D:2      | Bought a scroll of teleportation for 30 gold pieces
  1397 | D:2      | Learned a level 3 spell: Frozen Ramparts
  2150 | D:2      | Reached skill level 1 in Polearms
  2150 | D:2      | Reached XP level 4. HP: 31/31 MP: 2/7
  2428 | D:3      | Reached skill level 1 in Fighting
  2522 | D:3      | Found a shimmering altar of Xom.
  2522 | D:3      | Found a shimmering altar of Xom.
  2522 | D:3      | Found a shimmering altar of Xom.
  2522 | D:3      | Found a shimmering altar of Xom.
  2867 | D:3      | Found a faded altar of an unknown god.
  2961 | D:4      | Noticed a phantom
  2981 | D:4      | Noticed Menkaure
  3366 | D:4      | Noticed Blork the orc
  3369 | D:4      | Reached XP level 5. HP: 32/37 MP: 4/8
  3371 | D:4      | Killed Blork the orc
  3546 | D:4      | Learned a level 3 spell: Ozocubu's Armour
  3630 | D:4      | Identified the +9 lajatang of the Silent Majority {vamp,
                  | rN++ Will+ Stlth-}
  3731 | D:4      | Found a staircase to the Ecumenical Temple.
  3782 | D:4      | Killed Menkaure
  3783 | D:4      | Reached skill level 2 in Staves
  3783 | D:4      | Reached XP level 6. HP: 17/46 MP: 2/9
  3988 | Temple   | Entered the Ecumenical Temple
  4024 | Temple   | Became a worshipper of Cheibriados the Contemplative
  4261 | D:4      | Reached skill level 3 in Staves
  4471 | D:5      | Entered Level 5 of the Dungeon
  4476 | D:5      | Reached skill level 4 in Staves
  4476 | D:5      | Reached XP level 7. HP: 52/52 MP: 10/10
  4525 | D:5      | Reached skill level 5 in Staves
  4677 | D:5      | Reached * piety under Cheibriados
  4678 | D:5      | Reached skill level 6 in Staves
  5164 | D:5      | Reached skill level 7 in Staves
  5164 | D:5      | Reached XP level 8. HP: 58/58 MP: 7/11
  5374 | D:5      | Reached skill level 8 in Staves
  5824 | D:5      | Reached skill level 9 in Staves
  6005 | D:6      | Reached skill level 10 in Staves
  6075 | D:6      | Reached XP level 9. HP: 49/63 MP: 9/12
  6173 | D:6      | Reached ** piety under Cheibriados
  6259 | D:6      | Noticed Maggie
  6267 | D:6      | Killed from afar by Maggie

Illustrated notes

Levels and vault maps discovered:
D:1:      mushboom_english_gardens, layout_basic
D:2:      layout_basic, serial_shops, shop, serial_bayou_pond_d
D:3:      cheibrodos_old_hovel, layout_rooms, xom_redecorated,
          dreamdust_ecumenical_altar_hidden_monk_grotto
D:4:      layout_loops_ring, minmay_temple_entry_sparse_star, minivault_19,
          uniq_menkaure, uniq_blork_the_orc
D:5:      layout_basic
D:6:      layout_basic, uniq_maggie, uniq_prince_ribbit1
Temple:   regret_index_temple_chain_breaker

Skill      XL: |  1  2  3  4  5  6  7  8 |
---------------+-------------------------+-----
Ice Magic      | 5 6 7 |  7.0
Polearms       | 1 2 |  2.7
Fighting       | 1 2 3 |  3.0
Staves         | 2 4 7 10 | 10.5
Dodging        | |  2.1
Stealth        | |  1.7
Spellcasting   | |  2.1

Action                   |  1- 3 |  4- 6 |  7- 9 || total
-------------------------+-------+-------+-------++-------
Melee: Unarmed           |     8 |       |       ||     8
       Spear             |    38 |    30 |       ||    68
       Lajatang          |       |    16 |    51 ||    67
Throw: Boomerang         |       |     1 |       ||     1
 Cast: Freeze            |    37 |     6 |       ||    43
       Frozen Ramparts   |     1 |     7 |    14 ||    22
       Ozocubu's Armour  |       |     1 |     6 ||     7
 Abil: Hop               |     2 |       |       ||     2
Evoke: Wand              |       |       |     2 ||     2
  Use: Potion            |       |       |     1 ||     1
 Stab: Sleeping          |     3 |     3 |       ||     6
Armor: Robe              |    12 |     5 |     6 ||    23
Dodge: Dodged            |    50 |    20 |    20 ||    90

Table legend: (Time is in decaauts)
 A = Elapsed time spent in this place.
 B = Non-inter-level travel time spent in this place.
 C = Inter-level travel time spent in this place.
 D = Time resting spent in this place.
 E = Time spent auto-exploring this place.
 F = Levels seen in this place.
 G = Mean time per level.
                   A        B        C        D        E       F      G
               +--------+--------+--------+--------+--------+-----+--------+
         Total |   7242 |   7024 |    218 |   1306 |   4871 |   7 | 1034.6 |
       Dungeon |   7181 |   6978 |    203 |   1306 |   4846 |   6 | 1196.8 |
        Temple |     60 |     45 |     15 |      0 |     25 |   1 |   60.0 |
               +--------+--------+--------+--------+--------+-----+--------+

Top non-repeatable levels by time:
     D:5: 1848 daAuts
     D:4: 1704 daAuts
     D:2: 1703 daAuts
     D:1: 926 daAuts
     D:3: 683 daAuts
     D:6: 314 daAuts
  Temple: 60 daAuts
